 Dungeon Crawl Stone Soup version 0.25-a0-346-g140ab784a8 (webtiles) character file.

Game seed: 3024058794193502699, levelgen mode: classic

2 Borgoz the Skirmisher (level 1, -2/14 HPs)
             Began as a Gargoyle Berserker on Jan 1, 2020.
             Was a Follower of Trog.
             Slain by a gnoll
             ... wielding a +0 halberd
              (7 damage)
             ... on level 2 of the Dungeon.
             The game lasted 00:00:31 (161 turns).

Borgoz the Skirmisher (Gargoyle Berserker)           Turns: 161, Time: 00:00:32

Health: -2/14      AC:  7    Str: 20    XL:     1   Next: 40%
Magic:  1/1        EV: 11    Int:  7    God:    Trog [*.....]
Gold:   33         SH:  0    Dex:  9    Spells: 0/0 levels left

rFire    . . .     SeeInvis .   a - +0 falchion
rCold    . . .     Gourm    .   (no shield)
rNeg     + . .     Faith    .   f - +0 ring mail
rPois    ∞         Spirit   .   (no helmet)
rElec    +         Reflect  .   (no cloak)
rCorr    .         Harm     .   (no gloves)
MR       .....                  (no boots)
Stlth    ..........             (no amulet)
HPRegen  0.04/turn              (no ring)
MPRegen  0.07/turn              (no ring)

@: no status effects
A: negative energy resistance 1, electricity resistance, unbreathing,
petrification resistance, rot immunity, AC +2
a: Berserk, Renounce Religion


You were on level 2 of the Dungeon.
You worshipped Trog.
Trog was aware of your devotion.
You were not hungry.

You visited 1 branch of the dungeon, and saw 2 of its levels.

You collected 33 gold pieces.

Inventory:

Hand Weapons
 a - a +0 falchion (weapon)
Armour
 f - a +0 ring mail (worn)
Scrolls
 d - 2 scrolls of identify {unknown}
 e - a scroll of amnesia {unknown}
Comestibles
 b - 2 chunks of flesh
 c - a ration


   Skills:
 + Level 3.3 Fighting
 + Level 2.7 Long Blades
 + Level 2.2 Armour
 + Level 1.6 Dodging


You couldn't memorise any spells.
You didn't know any spells.
Your spell library was empty.

Dungeon Overview and Level Annotations

Branches:
Dungeon (1/15)

Altars:


Innate Abilities, Weirdness & Mutations

You are resistant to torment.
Your stone body is resilient. (AC +2)
You are immune to poison.
You resist negative energy. (rN+)
You are resistant to electric shocks. (rElec)
You can survive without breathing.
You are immune to petrification.
You are immune to rotting.


Message History

The gnoll hits you but does no damage.
You hit the gnoll.
The gnoll is heavily wounded.
The gnoll completely misses you.
You riposte.
You hit the gnoll but do no damage.
The gnoll is heavily wounded.
The gnoll barely misses you. The gnoll hits you with a +0 spear!
Ouch! That really hurt!
You aren't carrying any potions.
Okay, then.
The gnoll throws a throwing net.
The throwing net hits you.
You become entangled in the net!
Found a stone staircase leading up.
You see here a throwing net.
You struggle against the net.
You tear a large gash into the net.
You rip the net and break free!
The gnoll hits you from afar with a +0 halberd!
Ouch! That really hurt!
You die...

.... ....... ......
#.... ###+###....
..........
.........########.####
.........)ggg.@.?....<
.........########.#.#.
.........# .........#
.........# .........#
.........# .........#
.........#


You could see 3 gnolls.

Vanquished Creatures
  A goblin (D:1)
  2 kobolds
3 creatures vanquished.

Notes
Turn   | Place    | Note
-------+----------+-------------------------------------------
     0 | D:1      | Borgoz the Gargoyle Berserker began the quest for the Orb.
     0 | D:1      | Reached XP level 1. HP: 14/14 MP: 1/1
   142 | D:1      | You fall into a shaft and drop 1 floor!
   161 | D:2      | Slain by a gnoll

Levels and vault maps discovered:
D:1:      scummos_arrival_checkerplants, layout_basic,
          chequers_serial_rivers_room_b, minmay_pentomino_x2
D:2:      layout_basic, nicolae_overflow_hidden_temple

Action                   || total
-------------------------++-------
Melee: Falchion          ||    12
Armor: Ring mail         ||     6
Dodge: Dodged            ||     9
       Rpst.: Falchion   ||     3

Table legend:
 A = Non-vault XP
 B = Vault XP
 C = Vault XP percentage of total XP
 D = Non-vault monster count
 E = Vault monster count
 F = Vault count percentage of total count
                 A         B        C        D         E       F
            +---------+---------+-------+---------+---------+-------
      Total |       4 |       0 |   0.0 |       3 |       0 |   0.0
            +---------+---------+-------+---------+---------+-------
        D:1 |       3 |       0 |   0.0 |       2 |       0 |   0.0
        D:2 |       1 |       0 |   0.0 |       1 |       0 |   0.0
            +---------+---------+-------+---------+---------+-------
